 Dungeon Crawl Stone Soup version 0.18.1-48-g4cf74bf (webtiles) character file.

2625 WarriorsX the Protected (level 9, -2/71 HPs)
             Began as a Human Fighter on July 30, 2016.
             Impaled on a porcupine's spines (11 damage)
             ... on level 9 of the Dungeon.
             The game lasted 00:28:37 (8213 turns).

WarriorsX the Protected (Human Fighter)             Turns: 8213, Time: 00:28:37

Health: -2/71      AC: 20    Str: 19    XL:     9   Next: 91%
Magic:  9/9        EV:  8    Int: 10    God:
Gold:   638        SH:  9    Dex: 12    Spells: 0 memorised, 8 levels left

rFire  . . .     SeeInvis .     n - +1 spear (pierce)
rCold  . . .     Gourm    .     y - +0 plate armour
rNeg   . . .     Faith    .     c - +0 shield
rPois  .         Spirit   .     H - +1 helmet
rElec  .         Dismiss  .     S - +0 cloak
rCorr  .         Reflect  .     U - +0 pair of gloves
SustAt .         Harm     .     b - +0 pair of boots
MR     +....                    (no amulet)
Stlth  ..........               I - ring of protection from magic
                                h - +2 ring of evasion

@: somewhat resistant to hostile enchantments, extremely unstealthy
A: no striking features
a: no special abilities


You were on level 9 of the Dungeon.
You were hungry.

You visited 2 branches of the dungeon, and saw 10 of its levels.
You also visited: Ossuary.

You collected 638 gold pieces.

Inventory:

Hand Weapons
 a - a +0 long sword
 n - a +1 spear of piercing (weapon)
 C - a +0 dagger of flaming
 F - a +0 dagger of venom
 T - a +2 dagger of draining
Armour
 b - a +0 pair of boots (worn)
 c - a +0 shield (worn)
 y - a +0 plate armour (worn)
 H - a +1 helmet (worn)
 S - a +0 cloak (worn)
 U - a +0 pair of gloves (worn)
Jewellery
 h - a +2 ring of evasion (left hand)
 o - an uncursed ring of protection from cold
 v - an uncursed amulet of faith
 I - a ring of protection from magic (right hand)
Wands
 D - a wand of acid (6/15)
 K - a wand of random effects (33/48)
 O - a wand of paralysis (19/24)
Scrolls
 g - 2 scrolls of noise {unknown}
 j - a scroll of magic mapping
 k - a scroll of blinking {unknown}
 p - a scroll of random uselessness {unknown}
 r - 10 scrolls of identify
 s - 2 scrolls of teleportation
 t - 2 scrolls of amnesia {unknown}
 w - 2 scrolls of immolation {unknown}
 x - 2 scrolls of enchant weapon {unknown}
 B - 2 scrolls of recharging
 G - 7 scrolls of remove curse
 J - 2 scrolls of fear {unknown}
 P - a scroll of enchant armour {unknown}
Potions
 d - a potion of might
 e - 6 potions of lignification
 i - a potion of agility
 l - 2 potions of brilliance {unknown}
 u - 5 potions of curing {unknown}
 A - a potion of cure mutation {unknown}
 E - 3 potions of degeneration {unknown}
 L - 2 potions of flight {unknown}
 M - a potion of magic {unknown}
 N - 2 potions of ambrosia {unknown}
 R - a potion of haste
Comestibles
 f - 7 bread rations
 m - 3 meat rations
 q - 2 beef jerkies
 z - 2 slices of pizza
 Q - a royal jelly


   Skills:
 + Level 6.9 Fighting
 - Level 3.2 Long Blades
 - Level 3.0 Polearms
 - Level 8.0 Armour
 - Level 7.0 Dodging
 - Level 0.2 Stealth
 - Level 3.0 Shields


You had 8 spell levels left.
You didn't know any spells.

Dungeon Overview and Level Annotations

Branches:
Dungeon (9/15)             Temple (1/1) D:4
   Lair: D:8-11         Orc: D:9-12

Altars:
Ashenzari
Cheibriados
Dithmenos
Elyvilon
Fedhas
Gozag
Kikubaaqudgha
Makhleb
Nemelex Xobeh
Okawaru
Pakellas
Qazlal
Ru
Sif Muna
Trog
Vehumet
Xom
Yredelemnul
Zin
The Shining One


Message History

You block the porcupine's attack.
You are struck by the porcupine's spines.
* * * LOW HITPOINT WARNING * * *
Your shield and plate armour prevent you from hitting the porcupine.
The porcupine is lightly wounded.
The porcupine bites you but does no damage.
You are too injured to fight recklessly!
You are too injured to fight recklessly!
You are too injured to fight recklessly!
You are too injured to fight recklessly!
You hit the porcupine.
The porcupine is moderately wounded.
The porcupine bites you but does no damage.
The porcupine bites you!
* * * LOW HITPOINT WARNING * * *
You hit the porcupine.
The porcupine is heavily wounded.
The porcupine bites you but does no damage.
You are struck by the porcupine's spines.
You die...

≈#
.≈#
)≈#
#.≈
##..
#r.
#r#
#r#
#@#
#^#
#.#
..#
...
....
#...
.....


You could see a porcupine and 2 river rats.

Vanquished Creatures
  Grinder (D:6)
  A wyvern (D:8)
  A basilisk (D:8)
  Menkaure (D:7)
  A water moccasin (D:6)
  A porcupine (D:9)
  2 orc warriors (D:7)
  2 ice beasts
  A black bear (D:6)
  A phantom (D:6)
  2 centaurs
  A crocodile (D:8)
  A big kobold (D:7)
  A gnoll sergeant (D:7)
  2 vampire bats (D:4)
  2 hounds
  An orc priest (D:7)
  7 orc wizards
  Ijyb (D:3)
  An iguana (D:4)
  2 worker ants (D:4)
  2 sheep
  A hound zombie (D:6)
  8 mummies (Ossuary)
  Robin (D:3)
  A worker ant zombie (D:5)
  6 gnolls
  A howler monkey skeleton (D:4)
  4 adders
  An ooze (D:2)
  An adder zombie (D:6)
  A worm (D:2)
  3 dart slugs
  3 giant geckos
  13 orcs
  13 bats
  3 bat skeletons (D:4)
  4 bat zombies (D:4)
  4 giant cockroaches
  11 goblins
  10 hobgoblins
  13 jackals
  2 quokkas
  3 ball pythons
  3 giant newts
  A gnoll zombie (Ossuary)
  2 hobgoblin zombies (Ossuary)
  9 kobolds
  4 kobold zombies (Ossuary)
  2 orc zombies
  A quokka skeleton (D:4)
  6 rats
170 creatures vanquished.

Vanquished Creatures (others)
  A plant (D:8)
1 creature vanquished.

Grand Total: 171 creatures vanquished

Notes
Turn   | Place    | Note
--------------------------------------------------------------
     0 | D:1      | WarriorsX the Human Fighter began the quest for the Orb.
     0 | D:1      | Reached XP level 1. HP: 18/18 MP: 1/1
    73 | D:1      | Reached XP level 2. HP: 2/24 MP: 2/2
   754 | D:1      | Reached XP level 3. HP: 24/29 MP: 3/3
   969 | D:1      | Reached skill level 1 in Polearms
  1305 | D:2      | Reached XP level 4. HP: 28/35 MP: 4/4
  2173 | D:3      | Noticed Ijyb
  2203 | D:3      | Killed Ijyb
  2203 | D:3      | Reached XP level 5. HP: 38/41 MP: 5/5
  2416 | D:3      | Noticed Robin
  2424 | D:3      | Killed Robin
  2685 | D:3      | Found a deep blue altar of Sif Muna.
  3000 | D:3      | Reached XP level 6. HP: 31/49 MP: 6/6
  3352 | D:4      | Found an ancient bone altar of Kikubaaqudgha.
  3374 | D:4      | Reached skill level 5 in Fighting
  3608 | D:4      | Found a staircase to the Ecumenical Temple.
  3690 | Temple   | Entered the Ecumenical Temple
  3918 | D:4      | Reached XP level 7. HP: 46/58 MP: 7/7
  4409 | D:4      | Found a burning altar of Makhleb.
  4473 | D:5      | Entered Level 5 of the Dungeon
  4592 | D:5      | Reached skill level 4 in Armour
  4965 | D:5      | Reached skill level 5 in Armour
  5249 | D:6      | Reached XP level 8. HP: 41/64 MP: 8/8
  5592 | D:6      | Noticed Grinder
  5614 | D:6      | Killed Grinder
  5891 | D:6      | Reached skill level 5 in Dodging
  6178 | D:7      | Found a sand-covered staircase.
  6186 | Ossuary  | Entered an ossuary
  6517 | D:7      | Reached XP level 9. HP: 27/69 MP: 9/9
  7171 | D:7      | Found a shimmering altar of Xom.
  7369 | D:7      | Noticed Menkaure
  7390 | D:7      | Killed Menkaure
  7390 | D:7      | Reached skill level 6 in Armour
  8020 | D:8      | Reached skill level 7 in Armour
  8132 | D:8      | Reached skill level 8 in Armour
  8213 | D:9      | Impaled on a porcupine's spines

Skill      XL: |  1  2  3  4  5  6  7  8  9 |
---------------+----------------------------+-----
Long Blades    | 3 |  3.2
Polearms       | 2 3 |  3.0
Fighting       | 4 6 |  6.9
Armour         | 5 8 |  8.0
Dodging        | 2 6 7 |  7.0
Stealth        | |  0.2
Shields        | |  3.0

Action                   |  1- 3 |  4- 6 |  7- 9 || total
-------------------------+-------+-------+-------++-------
Melee: Long sword        |    73 |       |       ||    73
       Spear             |    45 |   292 |   605 ||   942
  Use: Scroll            |       |       |     5 ||     5
       Potion            |       |       |     5 ||     5
  Eat: Chunk             |     1 |     9 |    10 ||    20
       Fruit             |       |       |     5 ||     5
Armor: Scale mail        |    57 |     5 |       ||    62
       Plate armour      |       |   175 |   252 ||   427
       Skin              |       |       |    14 ||    14
Dodge: Dodged            |    52 |    98 |   147 ||   297
Block: Shield            |       |       |   165 ||   165
